 Dungeon Crawl Stone Soup version 0.31.0-11-ge490571c62 (webtiles) character file.

Game seed: 17412695823947805639

8754 h191 the Slicer (level 11, -5/93 HPs)
             Began as a Troll Fighter on Feb 7, 2024.
             Was a Priest of the Shining One.
             Killed from afar by a wretched star (17 damage)
             ... with a lance of force
             ... on level 1 of the Abyss.
             The game lasted 00:24:16 (9350 turns).

h191 the Slicer (Troll Fighter)                     Turns: 9350, Time: 00:24:18

Health: -5/93      AC: 13    Str: 30    XL:     11   Next: 14%
Magic:  8/8        EV: 10    Int:  4    God:    the Shining One [***...]
Gold:   479        SH: 10    Dex:  9    Spells: 10/10 levels left

rFire   . . .        M - +5 short sword (freeze)
rCold   . . .        c - +1 kite shield
rNeg    + . .        b - +0 robe
rPois   .            (helmet restricted)
rElec   .            o - +1 cloak
rCorr   .            (gloves unavailable)
SInv    .            (boots unavailable)
Will    .....        (no amulet)
Stlth   +            m - +4 ring of protection
HPRegen 0.00/turn    A - +4 ring of protection
MPRegen 0.11/turn

%: random rage (3%)
@: sick, glowing
A: large, unfitting armour, claws 3, regeneration 1, shaggy fur 1, tough skin 1,
antennae 1, berserk 1, deformed body, frail 1, low MP 1, subdued magic 1,
inability to drink after injury 1[+1], [inability to read after injury 2]
a: Renounce Religion, Divine Shield, Cleansing Flame


You were on level 1 of the Abyss.
You worshipped the Shining One.
The Shining One was most pleased with you.
You visited 1 branch of the dungeon, and saw 11 of its levels.
You visited the Abyss 1 time.

You collected 479 gold pieces.

Inventory:

Hand Weapons
 a - a +0 flail
 e - a +0 dagger of distortion
 i - a +3 halberd
 p - a +1 war axe of flaming
 y - a +2 scimitar
 E - a +4 rapier of holy wrath
 J - a +3 spear
 K - a +3 heavy battleaxe
 M - a +5 short sword of freezing (weapon)
Missiles
 d - 4 throwing nets (quivered)
Armour
 b - a +0 robe (worn)
 c - a +1 kite shield (worn)
 o - a +1 cloak (worn)
 L - an orb of energy
Jewellery
 m - a +4 ring of protection (left claw)
 A - a +4 ring of protection (right claw)
Wands
 w - a wand of mindburst (24)
 B - a wand of paralysis (2)
 C - a wand of iceblast (3)
 D - a wand of digging (1)
Scrolls
 f - 2 scrolls of enchant armour
 n - a scroll of fear {unknown}
 v - 2 scrolls of vulnerability
 x - a scroll of teleportation
 I - 4 scrolls of immolation
Potions
 h - a potion of attraction {unknown}
 j - a potion of cancellation {unknown}
 q - a potion of enlightenment {unknown}
 r - 2 potions of resistance
 t - a potion of mutation
 u - a potion of brilliance
 z - a potion of invisibility
 F - a potion of ambrosia {unknown}
 G - a potion of magic
 H - a potion of degeneration {unknown}


   Skills:
 * Level 5.2 Fighting
 + Level 8.2 Short Blades
 - Level 4.9(5.2) Axes
 - Level 2.6(4.3) Maces & Flails
 * Level 0.1 Throwing
 * Level 5.6 Armour
 + Level 6.1 Dodging
 + Level 6.3 Shields
 * Level 0.1 Invocations
 * Level 0.3 Evocations


You had 10 spell levels left.
You didn't know any spells.
Your spell library contained the following spells:

 Spells                   Type           Power      Damage    Failure   Level
 Frozen Ramparts          Ice            0%         1d1       95%         3
 Fugue of the Fallen      Necr           0%         N/A       95%         3
 Ozocubu's Armour         Ice            0%         N/A       95%         3
 Tukima's Dance           Hex            0%         N/A       95%         3
 Dimensional Bullseye     Hex/Tloc       0%         N/A       100%        4
 Iskenderun's Mystic Bla  Conj/Tloc      0%         2d3       100%        4
 Leda's Liquefaction      Alch/Erth      0%         N/A       100%        4
 Manifold Assault         Tloc           0%         N/A       100%        4
 Olgreb's Toxic Radiance  Alch           0%         N/A       100%        4
 Petrify                  Alch/Erth      0%         N/A       100%        4
 Metabolic Englaciation   Hex/Ice        0%         N/A       100%        5
 Ozocubu's Refrigeration  Ice            0%         4d7       100%        7
 Discord                  Hex            0%         N/A       100%        8


Dungeon Overview and Level Annotations

Branches:
Dungeon (11/15)            Temple (0/1) D:6            Lair (0/5) D:9
    Orc: D:9-12

Altars:
Cheibriados
Gozag
Kikubaaqudgha
Nemelex Xobeh
Qazlal
Ru
Sif Muna
Uskayaw
Vehumet
Wu Jian
Yredelemnul
Zin
The Shining One

Shops:
D:1 *   D:6 :

Annotations:
D:3 2 transporters, Rwicked's ghost, amateur HOFi
D:4 2 transporters
D:9 exclusion: orange crystal statue, Erolcha


Innate Abilities, Weirdness & Mutations

You are too large for most types of armour.
You have claws for hands.
Your natural rate of healing is unusually fast.
You are covered in fur. (AC +1)
You have tough skin. (AC +1)
You have a pair of small antennae on your head.
You sometimes lose your temper in combat.
Armour fits poorly on your strangely shaped body.
You are frail. (-10% HP)
Your magical capacity is low. (-10% MP)
Your spells are a little easier to cast, but a little less powerful.
[You sometimes lose the ability to drink potions when taking damage.]
[You sometimes lose the ability to read scrolls when taking damage.]


Message History

The cacodemon gestures at you.
Your body becomes as fragile as glass!
Aiming: Iceblast
Press: ? - help, Shift-Dir - straight line, f/p - cacodemon
Aim: a cacodemon (lightly wounded, haloed)
The mass of ice explodes!
The iceblast engulfs the cacodemon but does no damage.
The cacodemon is lightly wounded.
Aiming: Iceblast
Press: ? - help, Shift-Dir - straight line, f/p - cacodemon
Aim: a cacodemon (lightly wounded, haloed)
The mass of ice explodes!
The iceblast engulfs the cacodemon!
The cacodemon is moderately wounded.
You are suddenly pulled into a different region of the Abyss!
You can now channel blasts of cleansing flame.
A wretched star comes into view.
You feel less fragile.
The wretched star glows turbulently.
The lance of force hits you.
* * * LOW HITPOINT WARNING * * *
You are knocked back by the lance of force.
You slam into the rock wall!
The wretched star pulses with an eldritch light!
You occasionally lose the ability to read scrolls when taking damage.
You lose the ability to read scrolls when taking damage more often.
The wretched star pulses with an eldritch light!
You lose the ability to drink potions when taking damage more often.
Aiming: Iceblast
Press: ? - help, Shift-Dir - straight line, f - wretched star
Aim: a wretched star (haloed)
The mass of ice explodes!
The iceblast engulfs the wretched star.
The wretched star partially resists.
The wretched star is lightly damaged.
Aiming: Mindburst
Press: ? - help, Shift-Dir - straight line, f/p - wretched star
Aim: a wretched star (lightly damaged, haloed, infinite will)
The wretched star is unaffected.
The wretched star glows turbulently.
The lance of force hits you!
You die...

#...##...##. #..#.##.
## .# #.#.....#.....
#.........##.##
#.....### .. ##.*
...###. #.... #.#.# ##
.#....#.#.##.#.#.#
...#..#..#.*.@.....#
##...#...#..#..##....#
##.#. #..###...# .#. .
#.#..### .##.#
.##.#.## #. ... #...
.. .##. #.#. #.. .. .
# #.# ..


You could see a wretched star.

Vanquished Creatures
  Harold (D:10)
  A two-headed ogre (D:10)
  An elephant (D:9)
  Jeremiah (D:9)
  An ancient zyme (Abyss:1)
  A shadow (D:10)
  A wyvern (D:9)
  12 yaks
  2 steam dragons
  2 basilisks (D:9)
  Eustachio (D:6)
  A water moccasin (D:7)
  2 sky beasts (D:7)
  2 orc warriors
  2 black bears
  4 ogres
  4 centaurs
  2 phantoms
  2 kobold brigands
  6 bullfrogs
  3 scorpions
  13 wights
  13 killer bees
  A howler monkey (D:10)
  A jelly (D:7)
  3 hounds
  A bombardier beetle (D:5)
  5 orc priests
  6 orc wizards
  An iguana (D:6)
  4 adders
  3 gnolls (D:7)
  A shadow imp (D:5)
  3 white imps
  2 ufetubi (D:6)
  A dart slug (D:2)
  A ribbon worm (D:2)
  40 orcs
  6 endoplasms
  5 giant cockroaches
  3 hobgoblins
  10 jackals
  3 quokkas
  4 ball pythons
  2 bats (D:2)
  4 frilled lizards
  3 goblins (D:1)
  14 kobolds
  8 rats
213 creatures vanquished.

Notes
Turn   | Place    | Note
-------+----------+-------------------------------------------
     0 | D:1      | h191 the Troll Fighter began the quest for the Orb.
     0 | D:1      | Reached XP level 1. HP: 22/22 MP: 0/0
   153 | D:1      | Reached XP level 2. HP: 29/29 MP: 1/1
   394 | D:1      | Found Afyhol's Assorted Antiques.
   706 | D:2      | Reached XP level 3. HP: 23/36 MP: 2/2
  1559 | D:3      | Reached XP level 4. HP: 27/44 MP: 3/3
  1602 | D:3      | Found a glowing silver altar of Zin.
  1602 | D:3      | Found a hide-covered altar of Uskayaw.
  1852 | D:3      | Found a transporter.
  1852 | D:3      | Found a transporter.
  1854 | D:3      | Noticed Rwicked's ghost (amateur HOFi)
  2097 | D:3      | Reached skill level 1 in Armour
  2336 | D:4      | Found a transporter.
  2394 | D:4      | Reached skill level 1 in Axes
  2394 | D:4      | Reached XP level 5. HP: 52/52 MP: 4/4
  2443 | D:4      | Noticed a phantom
  2451 | D:4      | Killed a phantom
  2558 | D:4      | Found a transporter.
  2577 | D:4      | Noticed a kobold demonologist
  2865 | D:4      | Reached XP level 6. HP: 57/61 MP: 5/5
  2882 | D:5      | Entered Level 5 of the Dungeon
  2982 | D:5      | Reached XP level 7. HP: 67/67 MP: 6/6
  3336 | D:6      | Found a staircase to the Ecumenical Temple.
  3369 | D:6      | Found Jahif's Tremendous Tomes.
  3662 | D:6      | Noticed Eustachio
  3718 | D:6      | Killed Eustachio
  3719 | D:6      | Reached XP level 8. HP: 55/75 MP: 7/7
  4292 | D:5      | Reached skill level 1 in Short Blades
  4555 | D:5      | Reached skill level 2 in Short Blades
  4851 | D:7      | Reached skill level 3 in Short Blades
  5037 | D:7      | Found a glowing golden altar of the Shining One.
  5133 | D:7      | Reached XP level 9. HP: 54/84 MP: 8/8
  5192 | D:7      | Became a worshipper of the Shining One
  5224 | D:7      | Identified the +5 dagger of the Grave {elec, Int+2}
  5339 | D:7      | Reached skill level 4 in Short Blades
  5429 | D:7      | Found an ornate altar of the Wu Jian Council.
  5463 | D:7      | Found a radiant altar of Vehumet.
  5903 | D:8      | Reached skill level 5 in Shields
  5987 | D:8      | Reached * piety under the Shining One
  6468 | D:8      | Reached skill level 5 in Short Blades
  6717 | D:8      | Found a stormy altar of Qazlal.
  6717 | D:8      | Found a sacrificial altar of Ru.
  6724 | D:8      | Found a shimmering blue altar of Sif Muna.
  6733 | D:8      | Reached skill level 5 in Dodging
  6735 | D:8      | Found an ancient bone altar of Kikubaaqudgha.
  6737 | D:8      | Found a sparkling altar of Nemelex Xobeh.
  7015 | D:9      | Noticed an orange crystal statue
  7057 | D:9      | Found a staircase to the Lair.
  7057 | D:9      | Noticed an elephant
  7067 | D:9      | Reached ** piety under the Shining One
  7121 | D:9      | Killed an elephant
  7122 | D:9      | Reached skill level 6 in Short Blades
  7122 | D:9      | Reached XP level 10. HP: 45/94 MP: 9/9
  7183 | D:10     | Entered Level 10 of the Dungeon
  7787 | D:10     | Noticed Harold
  7840 | D:10     | Killed Harold
  7841 | D:10     | Reached skill level 5 in Armour
  7927 | D:10     | Found a basalt altar of Yredelemnul.
  8016 | D:10     | HP: 1/141 [spore (18)]
  8017 | D:10     | Reached skill level 7 in Short Blades
  8031 | D:10     | Gained mutation: You have a pair of small antennae on your
                  | head. [potion of mutation]
  8031 | D:10     | Gained mutation: Your spells are a little easier to cast,
                  | but a little less powerful. [potion of mutation]
  8031 | D:10     | Gained mutation: You sometimes lose your temper in combat.
                  | [potion of mutation]
  8031 | D:10     | HP: 5/141 [cloud of flame (6)]
  8180 | D:10     | Reached skill level 5 in Fighting
  8218 | D:10     | Found a snail-covered altar of Cheibriados.
  8547 | D:11     | Noticed a boulder beetle
  8563 | D:11     | Noticed a two-headed ogre
  8596 | D:10     | Killed a two-headed ogre
  8954 | D:9      | Noticed Jeremiah
  8998 | D:9      | Paralysed by Jeremiah for 4 turns
  9019 | D:9      | Paralysed by Jeremiah for 2 turns
  9031 | D:9      | Killed Jeremiah
  9075 | D:9      | Found an opulent altar of Gozag.
  9104 | D:9      | Noticed Erolcha
  9146 | D:9      | Reached XP level 11. HP: 87/101 MP: 10/10
  9158 | D:9      | Reached skill level 8 in Short Blades
  9196 | Abyss:1  | Cast into level 1 of the Abyss (Erolcha)
  9263 | Abyss:1  | Noticed a cacodemon
  9272 | Abyss:1  | Gained mutation: [You occasionally lose the ability to
                  | drink potions when taking damage.] [a cacodemon]
  9279 | Abyss:1  | Gained mutation: You are frail. (-10% HP) [a cacodemon]
  9306 | Abyss:1  | Gained mutation: Your magical capacity is low. (-10% MP) [a
                  | cacodemon]
  9307 | Abyss:1  | Gained mutation: Armour fits poorly on your strangely
                  | shaped body. [a cacodemon]
  9325 | Abyss:1  | Noticed a wretched star
  9325 | Abyss:1  | Reached *** piety under the Shining One
  9350 | Abyss:1  | Killed from afar by a wretched star

Illustrated notes

Levels and vault maps discovered:
D:1:      wheals_arrival_shading, layout_basic, serial_shops, shop
D:2:      layout_basic, minmay_misc_feat_pillars, minmay_hexomino_r4
D:3:      layout_loops_corners, jmf_multi_god_temple, gammafunk_ghost_mausoleum
D:4:      gammafunk_wand_slinger, layout_loops_ring
D:5:      layout_basic, grunt_ministairs_6
D:6:      layout_loops_corners, minmay_temple_entry_wispy,
          nicolae_shop_i_like_big_books, kennysheep_small_spiral,
          supply_closet_lemuel, hangedman_abyss_or_decor_stagger, uniq_eustachio
D:7:      cheibrodos_quashed, layout_loops_ring, kennysheep_mini,
          tso_metal_star, mainiacjoe_overflow_chevrons
D:8:      layout_basic, chequers_temple_overflow_minitemple, serial_glass,
          glass_columns_a, glass_columns_a
D:9:      layout_basic, nicolae_gozag_cash_rules_everything_around_me,
          david_lair_generic, orc_0_dummy, minivault_15, uniq_erolcha,
          uniq_jeremiah
D:10:     layout_grid_maze, nicolae_overflow_crystal_walls,
          mainiacjoe_overflow_tiny_flanked, nicolae_letterblocks
          [nicolae_letter_subblock, nicolae_letter_subblock,
          nicolae_letter_subblock, nicolae_letter_subblock,
          nicolae_letter_subblock, nicolae_letter_subblock,
          nicolae_letter_subblock, nicolae_letter_subblock,
          nicolae_letter_subblock, nicolae_letter_subblock,
          nicolae_letter_subblock, nicolae_letter_subblock,
          nicolae_letter_subblock, nicolae_letter_subblock,
          nicolae_letter_subblock, nicolae_letter_subblock,
          nicolae_letter_subblock, nicolae_letter_subblock,
          nicolae_letter_subblock, nicolae_letter_subblock,
          nicolae_letter_subblock, nicolae_letter_subblock,
          nicolae_letter_subblock, nicolae_letter_subblock,
          nicolae_letter_subblock], uniq_harold
D:11:     layout_rooms
Abyss:1:  base: Temple, bh_abyss_exit_grid, small_statue_intersection,
          bh_abyss_exit_grid, minivault_24

Skill      XL: |  1  2  3  4  5  6  7  8  9 10 11 |
---------------+----------------------------------+-----
Maces & Flails | 2 |  2.6
Shields        | 3 4 5 6 |  6.3
Dodging        | 3 4 5 6 |  6.1
Armour         | 1 2 3 4 5 |  5.6
Axes           | 1 2 3 4 |  4.9
Fighting       | 3 4 5 |  5.2
Short Blades   | 3 6 7 8 |  8.2
Throwing       | |  0.1
Invocations    | |  0.1
Evocations     | |  0.3

Action                     |  1- 3 |  4- 6 |  7- 9 | 10-12 || total
---------------------------+-------+-------+-------+-------++-------
  Melee: Flail             |   173 |     5 |       |       ||   178
         War axe           |       |    95 |    94 |       ||   189
         Rapier            |       |       |   554 |   403 ||   957
         Short sword       |       |       |       |    17 ||    17
  Evoke: Wand              |       |       |     5 |     5 ||    10
    Use: Potion            |       |       |     7 |     9 ||    16
         Scroll            |       |       |     5 |    13 ||    18
   Stab: Sleeping          |     1 |       |       |       ||     1
 Armour: Robe              |   131 |    84 |   593 |   302 ||  1110
         Skin              |       |       |       |    23 ||    23
  Dodge: Dodged            |    85 |    48 |   287 |   143 ||   563
  Block: Kite shield       |    83 |    57 |   306 |   187 ||   633
